 Dungeon Crawl Stone Soup version 0.30-b1-2-g02819fbbbe (webtiles) character file.

Game seed: 10963372377172982767

5530 Alarkh the Skirmisher (level 10, -5/82 HPs)
             Began as a Demonspawn Hexslinger on July 9, 2023.
             Was a Believer of Uskayaw.
             Slain by a two-headed ogre
             ... wielding a +0 giant spiked club
              (11 damage)
             ... on level 9 of the Dungeon.
             The game lasted 00:11:30 (7343 turns).

Alarkh the Skirmisher (Demonspawn Hexslinger)       Turns: 7343, Time: 00:11:30

Health: -5/82      AC:  9    Str: 11    XL:     10   Next: 43%
Magic:  14/14      EV: 12    Int: 26    God:    Uskayaw [**....]
Gold:   369        SH:  0    Dex: 14    Spells: 7/11 levels left

rFire   + . .        a - +2 arbalest (flame)
rCold   . . .        (shield currently unavailable)
rNeg    . . .        c - +0 robe
rPois   .            D - +0 helmet
rElec   .            K - scarf {+Inv}
rCorr   +            (no gloves)
SInv    .            C - +0 pair of boots
Will    .....        O - amulet "Azuh" {rF+ Regen+ rCorr Int+2}
Stlth   +            j - +6 ring of intelligence
HPRegen 1.13/turn    g - +4 ring of protection
MPRegen 0.14/turn

%: no passive effects
@: no status effects
A: powered by death 1, spiny 1, sharp scales 1
a: Renounce Religion, Evoke Invisibility, Stomp, Line Pass


You were on level 9 of the Dungeon.
You worshipped Uskayaw.
Uskayaw was noncommittal.
You visited 2 branches of the dungeon, and saw 10 of its levels.

You collected 530 gold pieces.
You spent 161 gold pieces at shops.

Inventory:

Hand Weapons
 a - a +2 arbalest of flaming (weapon)
 b - a +2 short sword of venom
 w - the +7 mace "Mutooh" {flame, rCorr MP+9}
   (You found it on level 5 of the Dungeon)

   MP:        It affects your magic capacity (+9).
   rCorr:     It protects you from acid and corrosion.
 H - a +1 sling
 M - a +0 shortbow
Armour
 c - a +0 robe (worn)
 C - a +0 pair of boots (worn)
 D - a +0 helmet (worn)
 K - a scarf of invisibility (worn)
Magical Staves
 A - a staff of death
 I - a staff of fire
 R - a staff of cold
Jewellery
 g - a +4 ring of protection (right hand)
 j - a +6 ring of intelligence (left hand)
 k - an amulet of the acrobat
 t - a ring of wizardry
 O - the amulet "Azuh" (around neck) {rF+ Regen+ rCorr Int+2}
   (You found it on level 6 of the Dungeon)

   [amulet of regeneration]

   Int:       It affects your intelligence (+2).
   rF:        It protects you from fire.
   Regen:     It increases your rate of health regeneration.
   rCorr:     It protects you from acid and corrosion.
 P - a ring of fire
Wands
 B - a wand of flame (49)
 L - a wand of charming (16)
Scrolls
 f - 2 scrolls of amnesia
 i - a scroll of fog
 l - 3 scrolls of teleportation
 n - 3 scrolls of magic mapping
 o - a scroll of vulnerability
 r - 2 scrolls of summoning
 v - a scroll of poison
 y - 2 scrolls of blinking
 N - a scroll of immolation {unknown}
 Q - a scroll of acquirement {unknown}
Potions
 d - a potion of flight
 e - 2 potions of curing {unknown}
 h - 2 potions of haste
 m - 4 potions of might
 p - a potion of cancellation
 q - 2 potions of attraction {unknown}
 s - 2 potions of resistance
 u - 4 potions of lignification
 x - 2 potions of heal wounds
 z - 3 potions of ambrosia
 E - 5 potions of brilliance
 F - a potion of berserk rage
 G - a potion of invisibility {unknown}
 J - 2 potions of degeneration {unknown}


   Skills:
 + Level 8.6 Fighting
 * Level 11.3 Ranged Weapons
 - Level 1.7 Dodging
 - Level 1.0 Spellcasting
 - Level 3.0 Hexes
 + Level 6.3 Invocations


You had 7 spell levels left.
You knew the following spells:

 Your Spells              Type           Power      Damage    Failure   Level
a - Inner Flame           Hex/Fire       9%         N/A       19%         3
b - Slow                  Hex            64%        N/A       3%          1

Your spell library contained the following spells:

 Spells                   Type           Power      Damage    Failure   Level
 Portal Projectile        Hex/Tloc       18%        N/A       19%         3
 Cause Fear               Hex            8%         N/A       32%         4
 Leda's Liquefaction      Hex/Erth       4%         N/A       52%         4
 Summon Lightning Spire   Summ/Air       1%         N/A       75%         4
 Lee's Rapid Deconstruct  Erth           0%         3d4*      97%         5
 Statue Form              Tmut/Erth      0%         N/A       100%        6
 Storm Form               Tmut/Air       0%         N/A       100%        7
 Maxwell's Capacitive Co  Air            0%         ∞         100%        8


Dungeon Overview and Level Annotations

Branches:
Dungeon (9/15)             Temple (1/1) D:7
   Lair: D:8-11         Orc: D:9-12

Altars:
Ashenzari
Cheibriados
Dithmenos
Fedhas
Hepliaklqana
Kikubaaqudgha
Makhleb
Nemelex Xobeh
Qazlal
Ru
Sif Muna
Trog
Uskayaw
Vehumet
Wu Jian
Xom
Yredelemnul

Shops:
D:6 *


Innate Abilities, Weirdness & Mutations

You regenerate a little health from kills.
You are partially covered in sharp spines.
You are partially covered in razor-sharp scales. (AC +1, Slay +1)


Message History

There is a stone staircase leading up, spattered with blood here.
A kobold is nearby!
A kobold is nearby!
You shoot a bolt. The bolt hits the kobold!
The bolt burns the kobold.
You kill the kobold!
No target in view!
A gnoll and a kobold come into view.
The kobold is wielding a +0 short sword of holy wrath.
The gnoll shouts!
The kobold shouts!
You shoot a bolt. The bolt hits the two-headed ogre.
The bolt burns the two-headed ogre.
The two-headed ogre is lightly wounded.
You shoot a bolt.
The bolt barely misses the two-headed ogre.
The bolt barely misses the gnoll.
There is a stone staircase leading up, spattered with blood here.
You shoot a bolt. The bolt hits the two-headed ogre.
The bolt burns the two-headed ogre.
The two-headed ogre is moderately wounded.
You shoot a bolt. The bolt hits the two-headed ogre!
The bolt burns the two-headed ogre.
The two-headed ogre is heavily wounded.
You can now pass through a line of other dancers.
You shoot a bolt.
The bolt barely misses the two-headed ogre.
The bolt hits the kobold!!
The bolt burns the kobold.
You kill the kobold!
The two-headed ogre is struck by your spines.
The two-headed ogre hits you with a +0 giant spiked club!!
The two-headed ogre hits you with a +0 giant spiked club.
The two-headed ogre attacks as you move away!
The two-headed ogre hits you with a +0 giant spiked club!!
The two-headed ogre hits you but does no damage.
There is an open door here.
The two-headed ogre attacks as you move away!
The two-headed ogre is struck by your spines.
The two-headed ogre hits you with a +0 giant spiked club!!
* * * LOW HITPOINT WARNING * * *
The two-headed ogre hits you with a +0 giant spiked club!
You die...

##.## #.........##..###.......
....######.........###..##)......
##.......#.........# ##..#).)...^
##.####...........# ##.'..g..g.
#.# ###.........# ###.g..gO< #.#
########.## ###g.(g..# ###'##
#..# ###...###### .....# #.##
##.OK.....# .....#
####@####..[......# .....#
##...)Og)#.........# .....#
###.......gg(........# .....#
##...........#........#
.....####...##.##...##........#
.....'....#..#.#..#..#........#
.....###..##.....##...........#
.....# #......_......#.########
###### #..##.....##..#.#


You could see a two-headed ogre, a gnoll bouda and 2 gnolls.

Vanquished Creatures
  A boulder beetle (D:8)
  2 two-headed ogres
  Maurice (D:8)
  Eustachio (D:5)
  3 yaks (D:9)
  A water moccasin (D:8)
  2 ice beasts
  2 black bears
  2 orc warriors
  A sky beast (D:7)
  An ogre (D:6)
  4 centaurs
  A phantom (D:4)
  2 bullfrogs (D:6)
  2 kobold brigands
  3 scorpions
  9 wights
  A howler monkey (D:7)
  A hound (D:2)
  2 orc priests
  3 jellies
  Jessica (D:3)
  A sleepcap (D:6)
  Terence (D:3)
  2 iguanas
  8 orc wizards
  Ijyb (D:3)
  Robin (D:3)
  2 adders
  6 gnolls
  2 shadow imps (D:6)
  2 white imps (D:7)
  3 worms
  4 dart slugs
  24 orcs
  4 ball pythons
  6 bats
  2 endoplasms
  9 goblins
  9 hobgoblins
  A quokka (D:2)
  A frilled lizard (D:2)
  16 kobolds
  3 rats
154 creatures vanquished.

Notes
Turn   | Place    | Note
-------+----------+-------------------------------------------
     0 | D:1      | Alarkh the Demonspawn Hexslinger began the quest for the
                  | Orb.
     0 | D:1      | Reached XP level 1. HP: 15/15 MP: 2/2
   101 | D:1      | Reached skill level 2 in Ranged Weapons
   770 | D:2      | Gained mutation: You are partially covered in razor-sharp
                  | scales. (AC +1, Slay +1) [demonic ancestry]
   770 | D:2      | Reached XP level 2. HP: 14/21 MP: 3/3
  1003 | D:2      | Reached XP level 3. HP: 27/27 MP: 4/4
  1020 | D:2      | Reached skill level 3 in Ranged Weapons
  1206 | D:2      | Gained mutation: You are partially covered in sharp spines.
                  | [demonic ancestry]
  1206 | D:2      | Reached XP level 4. HP: 18/34 MP: 5/5
  1475 | D:3      | Noticed Jessica
  1481 | D:3      | Killed Jessica
  1617 | D:3      | Noticed a scorpion
  1632 | D:3      | Killed a scorpion
  1633 | D:3      | Reached skill level 4 in Ranged Weapons
  1633 | D:3      | Gained mutation: You regenerate a little health from kills.
                  | [demonic ancestry]
  1633 | D:3      | Reached XP level 5. HP: 39/41 MP: 6/6
  1868 | D:3      | Noticed Terence
  1883 | D:3      | Killed Terence
  1987 | D:3      | Noticed Ijyb
  1996 | D:3      | Killed Ijyb
  2323 | D:3      | Noticed Robin
  2335 | D:3      | Killed Robin
  2353 | D:3      | Learned a level 3 spell: Inner Flame
  2541 | D:4      | Noticed a black bear
  2572 | D:4      | Killed a black bear
  2573 | D:4      | Reached skill level 5 in Ranged Weapons
  2573 | D:4      | Reached XP level 6. HP: 47/48 MP: 7/7
  2975 | D:4      | Reached XP level 7. HP: 54/54 MP: 8/8
  3217 | D:5      | Entered Level 5 of the Dungeon
  3231 | D:5      | Identified the +7 mace "Mutooh" {flame, rCorr MP+9}
  3265 | D:5      | Reached skill level 6 in Ranged Weapons
  3402 | D:5      | Noticed Eustachio
  3420 | D:5      | Killed Eustachio
  3421 | D:5      | Reached skill level 5 in Fighting
  3763 | D:5      | Reached skill level 7 in Ranged Weapons
  3892 | D:5      | Reached XP level 8. HP: 61/62 MP: 9/9
  4264 | D:6      | Reached skill level 8 in Ranged Weapons
  4896 | D:6      | Found Dioraczuju's General Store.
  4901 | D:6      | Reached skill level 9 in Ranged Weapons
  4904 | D:6      | Bought a scroll of blinking for 105 gold pieces
  4905 | D:6      | Bought a scroll of identify for 28 gold pieces
  4905 | D:6      | Bought a scroll of identify for 28 gold pieces
  5029 | D:6      | Identified the amulet "Azuh" {rF+ Regen+ rCorr Int+2}
  5092 | D:6      | Found an ornate altar of the Wu Jian Council.
  5192 | D:6      | Reached XP level 9. HP: 71/71 MP: 10/10
  5445 | D:7      | Found a basalt altar of Yredelemnul.
  5517 | D:7      | Found a staircase to the Ecumenical Temple.
  5594 | Temple   | Entered the Ecumenical Temple
  5784 | Temple   | Became a worshipper of Uskayaw the Reveller
  5963 | D:8      | Noticed Maurice
  5967 | D:8      | Reached * piety under Uskayaw
  5970 | D:8      | Reached ** piety under Uskayaw
  5975 | D:8      | Killed Maurice
  5975 | D:8      | Reached *** piety under Uskayaw
  6010 | D:8      | Reached **** piety under Uskayaw
  6011 | D:8      | Reached ***** piety under Uskayaw
  6172 | D:8      | Reached skill level 10 in Ranged Weapons
  6211 | D:8      | Noticed a two-headed ogre
  6223 | D:8      | Killed a two-headed ogre
  6789 | D:9      | Noticed a boulder beetle
  6956 | D:8      | Killed a boulder beetle
  6957 | D:8      | Reached skill level 5 in Invocations
  6957 | D:8      | Reached XP level 10. HP: 46/80 MP: 13/13
  7180 | D:9      | Reached skill level 11 in Ranged Weapons
  7205 | D:9      | Noticed a two-headed ogre
  7210 | D:9      | Killed a two-headed ogre
  7232 | D:9      | Noticed a two-headed ogre
  7343 | D:9      | Slain by a two-headed ogre

Illustrated notes

Levels and vault maps discovered:
D:1:      dpeg_arrival_prison, layout_loops_ring
D:2:      layout_basic, minmay_tromino_v4_c
D:3:      layout_basic, minmay_misc_feat_tower, uniq_ijyb, uniq_robin,
          uniq_terence, uniq_jessica
D:4:      layout_loops_ring
D:5:      layout_basic, chequers_serial_rivers_large_a,
          minmay_misc_feat_enclosed, uniq_eustachio
D:6:      layout_layer_cave, nzn_wu_jian_council_hall, serial_shops, shop
D:7:      layout_basic, mainiacjoe_overflow_24_doors,
          minmay_temple_entry_drinking_statues
D:8:      layout_loops_corners, uniq_maurice
D:9:      layout_roguey, mainiacjoe_overflow_alcove_4,
          mainiacjoe_overflow_small_starburst, zin_scriptorium, orc_0_dummy,
          feat_on_display
Temple:   compressed_dpeg_triangle_lava_temple

Skill      XL: |  1  2  3  4  5  6  7  8  9 10 |
---------------+-------------------------------+-----
Ranged Weapons | 2 3 4 5 7 9 10 11 | 11.3
Fighting       | 2 3 4 5 6 8 |  8.6
Invocations    | 5 6 |  6.3
Dodging        | |  1.7
Spellcasting   | |  1.0
Hexes          | |  3.0

Action                     |  1- 3 |  4- 6 |  7- 9 | 10-12 || total
---------------------------+-------+-------+-------+-------++-------
  Melee: Dagger            |       |    68 |     4 |       ||    72
         Punch             |       |     2 |     3 |       ||     5
         Short sword       |       |       |    56 |       ||    56
         Mace              |       |       |     8 |       ||     8
   Fire: Sling             |    87 |    60 |     1 |       ||   148
         Shortbow          |       |       |    18 |       ||    18
         Arbalest          |       |       |   147 |    42 ||   189
 Invoke: Line Pass         |       |       |     1 |       ||     1
    Use: Scroll            |     5 |     1 |    10 |       ||    16
         Potion            |       |       |     3 |       ||     3
   Stab: Sleeping          |       |     1 |       |       ||     1
 Armour: Robe              |     9 |    19 |    49 |     5 ||    82
  Dodge: Dodged            |    30 |    46 |    98 |     4 ||   178
